 Dungeon Crawl Stone Soup version 0.19.5 (webtiles) character file.

875 QuCean the Chopper (level 7, -2/54 HPs)
             Began as a Demonspawn Berserker on May 11, 2017.
             Was a Priest of Trog.
             Slain by Grinder (4 damage)
             ... while paralysed by Grinder
             ... on level 4 of the Dungeon.
             The game lasted 00:18:40 (3843 turns).

QuCean the Chopper (Demonspawn Berserker)           Turns: 3843, Time: 00:18:40

Health: -2/54      AC:  6    Str: 20    XL:     7   Next: 74%
Magic:  7/7        EV:  2    Int:  8    God:    Trog [***...]
Gold:   206        SH:  0    Dex: 12    Spells: 0 memorised, 6 levels left

rFire  + . .     SeeInvis .     d - +0 hand axe (venom)
rCold  . . .     Gourm    .     e - +0 ring mail
rNeg   . . .     Faith    .     f - +2 buckler
rPois  .         Spirit   .     (no helmet)
rElec  .         Reflect  +     (no cloak)
rCorr  +         Harm     .     (no gloves)
MR     .....                    (boots unavailable)
Stlth  +.........               l - +4 amulet of reflection
                                (no ring)
                                j - ring of resist corrosion

@: paralysed, lethally poisoned (-2 -> -3)
A: hooves 3, fire resistance 1, sturdy frame 1
a: Berserk, Trog's Hand, Burn Spellbooks, Renounce Religion


You were on level 4 of the Dungeon.
You worshipped Trog.
Trog was most pleased with you.
You were not hungry.

You visited 1 branch of the dungeon, and saw 4 of its levels.

You collected 206 gold pieces.

Inventory:

Hand Weapons
 a - a +0 hand axe
 d - a +0 hand axe of venom (weapon)
 g - a +1 whip of electrocution
 h - a +3 scythe of protection
 t - a +2 short sword of distortion
Armour
 b - a +0 animal skin
 e - a +0 ring mail (worn)
 f - a +2 buckler (worn)
 n - a +0 robe of the Archmagi
 v - a +1 pair of boots of running
Jewellery
 j - a ring of resist corrosion (left hand)
 l - a +4 amulet of reflection (around neck)
Scrolls
 i - 2 scrolls of immolation
 o - 2 scrolls of fear
 p - a scroll of remove curse
Potions
 k - 2 potions of mutation
 m - a potion of berserk rage
 q - a potion of haste {unknown}
 s - a potion of ambrosia {unknown}
Comestibles
 c - 4 chunks of flesh


   Skills:
 + Level 4.0 Fighting
 + Level 5.5 Axes
 + Level 4.7 Armour
 + Level 3.2 Dodging
 + Level 1.6 Stealth
 + Level 1.4 Shields


You had 6 spell levels left.
You didn't know any spells.

Dungeon Overview and Level Annotations

Branches:
Dungeon (4/15)
 Temple: D:4-7

Altars:
Elyvilon
Fedhas
Gozag
Hepliaklqana
Nemelex Xobeh
Okawaru
Trog
Yredelemnul
The Shining One

Annotations:
D:4 Grinder


Innate Abilities, Weirdness & Mutations

You have hooves in place of feet.
Your flesh is heat resistant. (rF+)
Your movements are slightly less encumbered by armour. (ER -2)


Message History

The leopard gecko skeleton barely misses you.
You feel sick. Grinder hits you.
You writhe in agony.
The leopard gecko skeleton bites you. Grinder hits you but does no damage.
The leopard gecko skeleton bites you but does no damage.
Grinder hits you.
You writhe in agony.
* * * LOW HITPOINT WARNING * * *
The leopard gecko skeleton completely misses you.
Grinder hits you but does no damage.
The leopard gecko skeleton bites you but does no damage.
You feel sick. Grinder hits you.
* * * LOW HITPOINT WARNING * * *
You writhe in agony.
* * * LOW HITPOINT WARNING * * *
The leopard gecko skeleton bites you.
* * * LOW HITPOINT WARNING * * *
Grinder hits you.
* * * LOW HITPOINT WARNING * * *
You writhe in agony.
You die...

# ## .(.#. #.
#. ....
#.##.#$..
#$.....># ## ##
#....... . ..
##.....## .#
#.#.
##....5[.###.##
.#.##
#....Z@...#....
.. .
#..............
#. #
#..............
## #.##
##.......#.....
. #...
##............
#.#..#
##...รท.#....
#.#..#
###...##.#.
#...[. ##.##
#.#####.#..#
#.# ##........#


You could see Grinder and a leopard gecko skeleton.

Vanquished Creatures
  Pikel (D:3)
  Sigmund (D:2)
  3 slaves (D:4)
  An ogre (D:4)
  3 worker ants
  2 adders
  An ooze (D:2)
  A worm (D:2)
  3 dart slugs
  6 leopard geckos
  12 orcs (D:3)
  12 giant cockroaches
  7 goblins
  6 hobgoblins
  3 jackals (D:2)
  5 kobolds
  2 quokkas
  A ball python (D:3)
  3 bats
  A frilled lizard (D:1)
  A quokka skeleton (D:4)
  7 rats
82 creatures vanquished.

Notes
Turn   | Place    | Note
-------+----------+-------------------------------------------
     0 | D:1      | QuCean the Demonspawn Berserker began the quest for the Orb.
     0 | D:1      | Reached XP level 1. HP: 18/18 MP: 1/1
   264 | D:1      | Gained mutation: You have large cloven feet. [demonic ancestry]
   264 | D:1      | Reached XP level 2. HP: 24/24 MP: 2/2
   331 | D:1      | Reached skill level 3 in Axes
   827 | D:2      | Reached ** piety under Trog
   828 | D:2      | Gained mutation: Your movements are slightly less encumbered by armour. (ER -2) [demonic ancestry]
   828 | D:2      | Reached XP level 3. HP: 29/29 MP: 3/3
   854 | D:2      | Noticed Sigmund
   883 | D:2      | Killed Sigmund
   883 | D:2      | Reached skill level 4 in Axes
   883 | D:2      | Gained mutation: You have hoof-like feet. [demonic ancestry]
   883 | D:2      | Reached XP level 4. HP: 20/36 MP: 4/4
   883 | D:2      | Gained mutation: Your flesh is heat resistant. (rF+) [demonic ancestry]
   883 | D:2      | Reached XP level 5. HP: 23/41 MP: 5/5
   927 | D:2      | Found an opulent altar of Gozag.
  1055 | D:2      | Found a hazy altar of Hepliaklqana.
  1075 | D:2      | Found a blossoming altar of Fedhas.
  2134 | D:3      | Found a glowing golden altar of the Shining One.
  2143 | D:3      | Found an iron altar of Okawaru.
  2143 | D:3      | Found a basalt altar of Yredelemnul.
  2296 | D:3      | Found a bloodstained altar of Trog.
  2309 | D:3      | Found a white marble altar of Elyvilon.
  2318 | D:3      | Found a sparkling altar of Nemelex Xobeh.
  2342 | D:3      | Reached *** piety under Trog
  2356 | D:3      | Reached XP level 6. HP: 46/48 MP: 6/6
  2655 | D:4      | Reached skill level 1 in Stealth
  2736 | D:4      | Identified a +1 pair of boots of running (You found it on level 4 of the Dungeon)
  2789 | D:4      | Noticed Pikel
  2790 | D:4      | Noticed a slave
  2790 | D:4      | Noticed a slave
  2790 | D:4      | Noticed a slave
  2793 | D:4      | Noticed a slave
  3483 | D:4      | Killed a slave
  3486 | D:4      | Killed a slave
  3491 | D:4      | Killed a slave
  3711 | D:3      | Killed Pikel
  3711 | D:3      | Reached skill level 5 in Axes
  3711 | D:3      | Reached skill level 1 in Shields
  3711 | D:3      | Gained mutation: You have hooves in place of feet. [demonic ancestry]
  3711 | D:3      | Reached XP level 7. HP: 36/54 MP: 7/7
  3833 | D:4      | Noticed Grinder
  3837 | D:4      | Paralysed by Grinder for 7 turns
  3843 | D:4      | HP: 2/54 [Grinder (6)]
  3843 | D:4      | Slain by Grinder

Skill      XL: |  1  2  3  4  5  6 |
---------------+-------------------+-----
Axes           | 3 4 5 |  5.5
Armour         | 2 3 4 |  4.7
Dodging        | 2 3 |  3.2
Stealth        | 1 |  1.6
Fighting       | 4 |  4.0
Shields        | 1 |  1.4

Action                   |  1- 3 |  4- 6 |  7- 9 || total
-------------------------+-------+-------+-------++-------
Melee: Hand axe          |    73 |   153 |     7 ||   233
       Kick              |    15 |    45 |     4 ||    64
Invok: Berserk           |       |     1 |       ||     1
  Use: Scroll            |     4 |    11 |       ||    15
       Potion            |       |     1 |       ||     1
 Stab: Invisible         |       |     1 |       ||     1
  Eat: Bread ration      |       |     1 |     1 ||     2
       Chunk             |       |     3 |       ||     3
       Beef jerky        |       |     1 |       ||     1
Armor: Animal skin       |     6 |       |       ||     6
       Ring mail         |    29 |    29 |     5 ||    63
Dodge: Dodged            |    60 |    88 |     7 ||   155
Block: Buckler           |     6 |    43 |     2 ||    51
       Reflection        |       |     4 |       ||     4
